 Dungeon Crawl Stone Soup version 0.29.0-4-gdea44cf6ec (webtiles) character file.

Game seed: 938505464018105781

4 qw the Chopper (level 1, 0/12 HPs)
             Began as a Tengu Warper on Aug 28, 2022.
             Constricted to death by a ball python (1 damage)
             ... on level 1 of the Dungeon.
             The game lasted 00:00:00 (129 turns).

qw the Chopper (Tengu Warper)                        Turns: 129, Time: 00:00:00

Health: 0/12       AC:  3    Str: 11    XL:     1   Next: 60%
Magic:  4/4        EV:  8    Int: 13    God:
Gold:   0          SH:  0    Dex: 13    Spells: 4/4 levels left

rFire   . . .      SeeInvis .   a - +0 hand axe
rCold   . . .      Faith    .   (no shield)
rNeg    . . .      Spirit   .   b - +0 leather armour
rPois   .          Reflect  .   (helmet restricted)
rElec   .          Harm     .   (no cloak)
rCorr   .          Rampage  .   (no gloves)
Will    .....                   (boots unavailable)
Stlth   +.........              (no amulet)
HPRegen 0.04/turn               (no ring)
MPRegen 0.09/turn               (no ring)

@: constricted
A: beak, talons 3
a: no special abilities


You were on level 1 of the Dungeon.
You visited 1 branch of the dungeon, and saw 1 of its levels.


Innate Abilities, Weirdness & Mutations

You have a beak for a mouth.
You have claws for feet.


   Skills:
 - Level 2.0 Fighting
 + Level 2.6 Axes
 - Level 1.0 Throwing
 - Level 1.1 Armour
 - Level 2.1 Dodging
 - Level 2.0 Spellcasting
 - Level 2.4 Translocations


You had 4 spell levels left.
You didn't know any spells.
Your spell library contained the following spells:

 Spells                   Type           Power      Damage    Failure   Level
 Blink                    Tloc           14%        N/A       19%         2
 Gell's Gravitas          Tloc           7%         N/A       36%         3
 Lesser Beckoning         Tloc           7%         N/A       36%         3
 Teleport Other           Tloc           7%         N/A       36%         3
 Manifold Assault         Tloc           7%         N/A       98%         5

Inventory:

Hand Weapons
 a - a +0 hand axe (weapon)
 e - a +0 whip
Missiles
 d - 3 boomerangs of dispersal (quivered)
Armour
 b - a +0 leather armour (worn)
Scrolls
 c - a scroll of blinking

Dungeon Overview and Level Annotations

Branches:
Dungeon (1/15)

Altars:


Message History

Press: ? - help, Q - select action Shift-Dir - straight line, f/p - quokka You throw a boomerang of dispersal.
The boomerang of dispersal barely misses the quokka.
You hit the quokka. Your peck misses the quokka.
The quokka is almost dead.
The quokka bites you.
You barely miss the quokka.
The quokka is almost dead.
The quokka bites you. The quokka barely misses you.
You closely miss the quokka. You claw the quokka.
You kill the quokka!
You start resting.
HP restored.
A hobgoblin and a ball python come into view.
Found a robe.
The hobgoblin shouts!
The ball python hisses angrily.
You hear an angry hiss.
You closely miss the hobgoblin. You claw the hobgoblin.
The hobgoblin is severely wounded.
The hobgoblin closely misses you.
You completely miss the hobgoblin. Your kick misses the hobgoblin.
The hobgoblin is severely wounded.
You closely miss the ball python. The hobgoblin hits you.
The ball python closely misses you. The ball python grabs you.
The ball python constricts you.
You closely miss the ball python. Your kick misses the ball python.
You hit the hobgoblin.
You kill the hobgoblin!
The ball python bites you. The ball python constricts you.
You closely miss the ball python. You claw the ball python.
The ball python is moderately wounded.
A ball python comes into view.
The ball python closely misses you. The ball python constricts you.
The ball python bites you. The ball python constricts you.
You barely miss the ball python.
The ball python is moderately wounded.
You hit the ball python.
You kill the ball python!
The ball python bites you but does no damage.
The ball python constricts you.
You die...

..... .....77
. .>..... ##..
....... ##..
..$.... ##...
......[ #..#
......S##%####
.......@.....#
.....#%#####.#
##. #. #.# ##
#'# ##.##
#..(# ###
##.((###.##
#(((((#...#
#(.((.#...#


You could see a ball python.

Vanquished Creatures
  A ball python (D:1)
  A hobgoblin (D:1)
  A kobold (D:1)
  A quokka (D:1)
4 creatures vanquished.

Notes
Turn   | Place    | Note
-------+----------+-------------------------------------------
     0 | D:1      | qw the Tengu Warper began the quest for the Orb.
     0 | D:1      | Reached XP level 1. HP: 12/12 MP: 4/4
     0 | D:1      | 0 ||| qw: Version: 0.1-a-89-g26bdef1
     0 | D:1      | 0 ||| qw: Game counter: 1983
     0 | D:1      | 0 ||| qw: Always use a shield: true
     0 | D:1      | 0 ||| qw: God list: Okawaru
     0 | D:1      | 0 ||| qw: Allow faded altars: false
     0 | D:1      | 0 ||| qw: Do Orc after D:15 true
     0 | D:1      | 0 ||| qw: Do second Lair branch before Depths: true
     0 | D:1      | 0 ||| qw: Lair rune preference: random
     0 | D:1      | 0 ||| qw: Plans: Normal
     0 | D:1      | 0 ||| PLANNING D:1-11
   128 | D:1      | HP: 2/12 [ball python (3)]
   129 | D:1      | Constricted to death by a ball python

Levels and vault maps discovered:
D:1:      minmay_arrival_shattered_statue, layout_rooms, serial_forest,
          infiniplex_forest_straight_2, infiniplex_forest_end_2,
          infiniplex_forest_lined_ring, infiniplex_forest_clump_long,
          infiniplex_forest_clump_long, infiniplex_forest_straight_4,
          infiniplex_forest_clump_double, infiniplex_forest_zigzag_2,
          infiniplex_forest_clump_medium,
          shapermc_ecumenical_altar_totnotflames, minmay_tall_x

Action                   || total
-------------------------++-------
Melee: Hand axe          ||     8
       Kick              ||     3
Throw: Boomerang         ||     4
Armor: Leather armour    ||     1
Dodge: Dodged            ||     4

Table legend:
 A = Non-vault XP
 B = Vault XP
 C = Vault XP percentage of total XP
 D = Non-vault monster count
 E = Vault monster count
 F = Vault count percentage of total count
                 A         B        C        D         E       F
            +---------+---------+-------+---------+---------+-------
      Total |       8 |       0 |   0.0 |       4 |       0 |   0.0
            +---------+---------+-------+---------+---------+-------
        D:1 |       8 |       0 |   0.0 |       4 |       0 |   0.0
            +---------+---------+-------+---------+---------+-------
